 Dungeon Crawl Stone Soup version 0.19-a0-1568-gdd01aac (webtiles) character file.

46 Amnesiac the Digger (level 3, -4/24 HPs)
             Began as a Mummy Earth Elementalist on Sept 15, 2016.
             Slain by Xiguana's ghost (7 damage)
             ... on level 3 of the Dungeon.
             The game lasted 00:03:03 (1145 turns).

Amnesiac the Digger (Mummy Earth Elementalist)      Turns: 1145, Time: 00:03:04

Health: -4/24      AC:  2    Str: 11    XL:     3   Next: 46%
Magic:  6/6        EV: 12    Int: 15    God:
Gold:   75         SH:  0    Dex: 12    Spells: 2 memorised, 4 levels left

rFire  x . .     SeeInvis .     b - 66 stones
rCold  + . .     Gourm    .     c - +0 robe
rNeg   + + +     Faith    .     (no shield)
rPois  ∞         Spirit   .     (no helmet)
rElec  .         Dismiss  .     (no cloak)
rCorr  .         Reflect  .     (no gloves)
MR     .....     Harm     .     (no boots)
Stlth  ++........               (no amulet)
                                (no ring)
                                (no ring)

@: no status effects
A: no food or potions, fire vulnerability, cold resistance 1, negative energy
resistance 3, torment resistance, unbreathing
a: no special abilities


You were on level 3 of the Dungeon.
You were not hungry.

You visited 1 branch of the dungeon, and saw 4 of its levels.

You collected 75 gold pieces.

Inventory:

Missiles
 b - 66 stones (in hand)
Armour
 c - a +0 robe (worn)
Wands
 j - a wand of lightning (4/15)
Scrolls
 h - a scroll of enchant weapon
Books
 d - a book of Geomancy

   Spells                             Type                      Level
   a - Sandblast                      Earth                        1
   b - Passwall                       Transmutation/Earth          2
   c - Stone Arrow                    Conjuration/Earth            3
   d - Petrify                        Transmutation/Earth          4
   e - Lee's Rapid Deconstruction     Earth                        5


   Skills:
 - Level 1.5 Dodging
 - Level 1.5 Stealth
 + Level 2.5 Spellcasting
 - Level 0.7 Transmutations
 * Level 3.4 Earth Magic


You had 4 spell levels left.
You knew the following spells:

 Your Spells              Type           Power        Failure   Level  Hunger
v - Passwall              Tmut/Erth      #.........   14%         2    N/A
z - Sandblast             Erth           ##....       6%          1    N/A

Dungeon Overview and Level Annotations

Branches:
Dungeon (4/15)
 Temple: D:4-7

Altars:

Annotations:
D:3 Xiguana's ghost, amateur DsCK


Innate Abilities, Weirdness & Mutations

You do not eat or drink.
Your flesh is vulnerable to fire.
You are immune to poison.
Your flesh is cold resistant. (rC+)
You are immune to negative energy. (rN+++)
You are immune to unholy pain and torment.
You can survive without breathing.


Message History

Evoke which item? (* to show all) (? for menu, Esc to quit)
Zapping:
j - a wand of lightning (6/15)
Press: ? - help, Shift-Dir - straight line You hear a mighty clap of thunder!
The bolt of lightning misses Xiguana's ghost.
The bolt of lightning hits Xiguana's ghost.
Xiguana's ghost is moderately damaged.
This wand has 5 charges left.
Xiguana's ghost barely misses you.
Evoke which item? (* to show all) (? for menu, Esc to quit)
Zapping:
j - a wand of lightning (5/15)
Press: ? - help, Shift-Dir - straight line You hear a mighty clap of thunder!
The bolt of lightning hits Xiguana's ghost.
Xiguana's ghost is severely damaged.
The bolt of lightning hits Xiguana's ghost.
Xiguana's ghost is almost destroyed.
This wand has 4 charges left.
You hear an angry hiss.
Xiguana's ghost hits you!
You die...

### .... ... ..<
#.# #.########
#######.#..@W).#
..........####.#
........### #.#
........# #g#
..##....## #.# ##
###..g### #W# ..
##.W..###.########
#
#.##.g...#......##
#
#.######.........##


You could see Xiguana's ghost.

Vanquished Creatures
  An adder (D:3)
  2 oozes (D:2)
  A leopard gecko (D:1)
  A ball python (D:3)
  2 giant cockroaches
  2 goblins
  4 hobgoblins
  5 jackals
  3 bats
  A frilled lizard (D:1)
  A kobold (D:2)
  4 rats
27 creatures vanquished.

Notes
Turn   | Place    | Note
-------+----------+-------------------------------------------
     0 | D:1      | Amnesiac the Mummy Earth Elementalist began the quest for the Orb.
     0 | D:1      | Reached XP level 1. HP: 13/13 MP: 3/3
   303 | D:1      | Reached XP level 2. HP: 8/19 MP: 0/5
   362 | D:1      | Learned a level 2 spell: Passwall
   625 | D:2      | Reached skill level 3 in Earth Magic
   772 | D:3      | Noticed Xiguana's ghost (amateur DsCK)
   786 | D:2      | Reached XP level 3. HP: 6/24 MP: 0/6
  1145 | D:3      | Slain by Xiguana's ghost

Vault maps used:
D:1:      dpeg_arrival_rhombi
D:2:      first_bread, okawaru_altar_gauntlet_db
D:3:      gup_sewer_entry_glass
D:4:      serial_shops, nicolae_shop_overgrown_old_shop

Skill      XL: |  1  2 |
---------------+-------+-----
Earth Magic    | 3 |  3.4
Dodging        | |  1.5
Stealth        | |  1.5
Spellcasting   | |  2.5
Transmutations | |  0.7

Action                   || total
-------------------------++-------
 Cast: Sandblast         ||    37
Evoke: Wand              ||     6
  Use: Scroll            ||     6
Armor: Robe              ||    15
Dodge: Dodged            ||    46
